 Dungeon Crawl Stone Soup version 0.28.0-45-g0d030f2227 (webtiles) character file.

Game seed: 5558593068878340879

55 zeratav the Insei (level 3, -2/23 HPs)
             Began as an Octopode Transmuter on Apr 3, 2022.
             Killed from afar by Sigmund (11 damage)
             ... with a puff of flame
             ... on level 2 of the Dungeon.
             The game lasted 00:08:04 (2251 turns).

zeratav the Insei (Octopode Transmuter)             Turns: 2251, Time: 00:08:05

Health: -2/23      AC:  1    Str:  9    XL:     3   Next: 93%
Magic:  6/6        EV: 13    Int: 17    God:
Gold:   161        SH:  0    Dex: 12    Spells: 2/6 levels left

rFire   . . .      SeeInvis .   k - +2 short sword (speed)
rCold   . . .      Faith    .   (no shield)
rNeg    . . .      Spirit   .   (helmet currently unavailable)
rPois   .          Reflect  .   (no amulet)
rElec   .          Harm     .   (no ring)
rCorr   .          Rampage  .   (no ring)
Will    .....                   (no ring)
Stlth   ++........              (no ring)
HPRegen 0.07/turn               (no ring)
MPRegen 0.10/turn               (no ring)
                                (no ring)
                                (no ring)

@: confused, appendages
A: tentacle spike 3, almost no armour, amphibious, 8 rings, camouflage 1,
gelatinous body 1, (nimble swimmer 1), tentacles
a: End Transformation


You were on level 2 of the Dungeon.
One of your tentacles had grown a beastly spike.
You visited 1 branch of the dungeon, and saw 2 of its levels.

You collected 161 gold pieces.

Inventory:

Hand Weapons
 k - a +2 short sword of speed (weapon)
Missiles
 a - 73 stones (quivered)
 d - 35 sling bullets
Scrolls
 c - 2 scrolls of identify {unknown}
 f - a scroll of silence {unknown}
 g - a scroll of immolation {unknown}
 h - a scroll of fear {unknown}
 i - a scroll of torment {unknown}
 j - a scroll of teleportation {unknown}
Potions
 b - 2 potions of degeneration {unknown}
 e - a potion of brilliance {unknown}
 l - a potion of invisibility {unknown}
 m - 2 potions of cancellation {unknown}
 n - a potion of curing {unknown}


   Skills:
 * Level 1.3 Fighting
 + Level 2.1 Dodging
 + Level 0.9 Stealth
 + Level 3.5 Unarmed Combat
 + Level 2.3 Spellcasting
 + Level 2.7 Transmutations
 * Level 1.0 Poison Magic


You had 2 spell levels left.
You knew the following spells:

 Your Spells              Type           Power      Damage    Failure   Level
a - Beastly Appendage     Tmut           22%        N/A       6%          1
b - Spider Form           Tmut/Pois      8%         N/A       26%         3

Your spell library contained the following spells:

 Spells                   Type           Power      Damage    Failure   Level
 Wereblood                Tmut           11%        N/A       10%         2
 Ice Form                 Ice/Tmut       6%         N/A       71%         4
 Petrify                  Tmut/Erth      6%         N/A       71%         4
 Metabolic Englaciation   Hex/Ice        0%         N/A       99%         5
 Statue Form              Tmut/Erth      4%         N/A       100%        6


Dungeon Overview and Level Annotations

Branches:
Dungeon (2/15)

Altars:

Annotations:
D:2 Sigmund


Innate Abilities, Weirdness & Mutations

One of your tentacles has grown a beastly spike.
You cannot wear most types of armour.
You are amphibious.
You can wear up to eight rings at the same time.
Your skin changes colour to match your surroundings (Stealth+).
Your rubbery body absorbs attacks. (AC +1, EV +1)
((You are camouflaged when in or above water. (Stealth+)))
You have tentacles for arms and can constrict up to eight enemies at once.


Message History

You now have 144 gold pieces (gained 17).
n - a bubbling coppery potion You see here a +0 club.
You now have 161 gold pieces (gained 17).
Things that are here:
a +0 dagger; a goblin skeleton You see here a +0 whip.
Sigmund the Dreaded comes into view.
He is wielding a +0 scythe.
Sigmund shouts!
Casting: Beastly Appendage (safe; 6% risk of failure)
Confirm with . or Enter, or press ? or * to list all spells.
One of your tentacles grows a vicious spike.
Sigmund misses you. Sigmund barely misses you.
You hit Sigmund but do no damage. Your grab misses Sigmund.
You pierce Sigmund.
Sigmund is lightly wounded.
You hit Sigmund. Your grab misses Sigmund. Your squeeze misses Sigmund.
Sigmund is moderately wounded.
Sigmund hits you with a +0 scythe!
Ouch! That really hurt!
You closely miss Sigmund. Your grab misses Sigmund.
Your tentacle spike misses Sigmund.
You squeeze Sigmund!
Sigmund is heavily wounded.
You hit Sigmund. Your grab misses Sigmund.
Your tentacle spike misses Sigmund.
You squeeze Sigmund, but do no damage.
Sigmund is severely wounded.
Sigmund barely misses you.
You closely miss Sigmund. Your grab misses Sigmund.
Sigmund is severely wounded.
You barely miss Sigmund. Your grab misses Sigmund.
Sigmund is severely wounded.
Sigmund points at you and mumbles some strange words.
You are confused.
Sigmund closely misses you.
Sigmund casts a spell.
Sigmund flickers and vanishes!
Deactivating autopickup; reactivate with Ctrl-A.
A puff of flame appears from out of thin air!
The puff of flame hits you!
You die...

....#.#.#.#.#.##..#......#.....#
###.#.......#.##..###....#....##
###...#...#.#.##......#..#....#
..###.#.....#.#..........#....#
..'.........#.#.#...<.........#
..#.......[.#.#.#.#...........#
#.###.#.........#...#.#.##.##.#
#.###.#.....#.#######.#.....#.#
......#.........@..............
#.###.................#.#.######
..........................#
#.#########.########{.#.#.# ..#
#..# ..# # ### ##..# ..# #...#
... #.#.# .### #.#.# .#


There were no monsters in sight!

Vanquished Creatures
  2 adders (D:2)
  2 dart slugs
  4 endoplasms
  A giant cockroach (D:1)
  2 goblins (D:2)
  A hobgoblin (D:2)
  2 quokkas
  2 ball pythons (D:2)
  3 bats
  4 frilled lizards (D:1)
  7 kobolds
  2 rats (D:2)
32 creatures vanquished.

Notes
Turn   | Place    | Note
-------+----------+-------------------------------------------
     0 | D:1      | zeratav the Octopode Transmuter began the quest for the
                  | Orb.
     0 | D:1      | Reached XP level 1. HP: 13/13 MP: 3/3
   373 | D:1      | Reached XP level 2. HP: 16/18 MP: 3/5
   426 | D:1      | Found a faded altar of an unknown god.
  1085 | D:2      | Reached XP level 3. HP: 21/23 MP: 4/6
  1307 | D:2      | Learned a level 3 spell: Spider Form
  1900 | D:2      | Reached skill level 1 in Poison Magic
  2195 | D:2      | Noticed Sigmund
  2251 | D:2      | Killed from afar by Sigmund

Illustrated notes

Levels and vault maps discovered:
D:1:      dpeg_arrival_three_same_balls, layout_loops_ring,
          basic_ecumenical_altar
D:2:      kb_forest_paths, layout_basic, feat_on_display, uniq_sigmund

Skill      XL: |  1  2  3 |
---------------+----------+-----
Poison Magic   | 1 |  1.0
Fighting       | |  1.3
Dodging        | |  2.1
Stealth        | |  0.9
Unarmed Combat | |  3.5
Spellcasting   | |  2.3
Transmutations | |  2.7

Action                   || total
-------------------------++-------
Melee: Unarmed           ||    29
       Kick              ||    18
       Constrict         ||    15
       Tentacles         ||    13
       Short sword       ||    40
       Punch             ||     1
Throw: Stone             ||    38
 Cast: Beastly Appendage ||    19
 Stab: Sleeping          ||     5
Armor: Skin              ||     2
Dodge: Dodged            ||    33
